Map: Altitude LE

Players

ReesesPieces - Winner!

  • Race: Protoss Protoss
  • League: Master
  • Spawn Location: 1:00

Epic

  • Race: Terran Terran
  • League: Master
  • Spawn Location: 7:00

VOD

Have the link to the VOD?

Description

Time

  • Played on: May 16, 2023, 6:47 p.m.
  • Length: 11:37
Show
View Real Time Build Order
Export as new Build Order

ReesesPieces Protoss - Winner!

Build Orders: 1 Gate Expand, Oracle Opening, Carriers 

Get SALT Encoding   

  12  0:00  Probe  
  13  0:12  Probe  
  14  0:17  Pylon  
  14  0:24  Probe (Chrono Boost)  
  15  0:36  Probe (Chrono Boost)  
  15  0:39  Gateway  
  16  0:45  Probe (Chrono Boost)  
  16  0:46  Assimilator  
  17  0:50  Probe  
  18  1:03  Probe  
  19  1:15  Probe  
  20  1:26  Cybernetics Core  
  21  1:37  Nexus  
  20  1:43  Pylon  
  20  1:47  Probe  
  20  1:52  Assimilator  
  21  1:59  Probe  
  21  2:00  Adept (Chrono Boost)  
  24  2:11  Probe  
  25  2:15  Stargate  
  25  2:20  Adept (Chrono Boost)  
  25  2:25  Probe  
  28  2:33  Warp Gate  
  28  2:38  Probe (Chrono Boost)  
  28  2:43  Adept  
  31  2:49  Probe (Chrono Boost)  
  32  2:58  Probe x2 (Chrono Boost)  
  34  2:59  Oracle (Chrono Boost)  
  34  3:04  Probe  
  37  3:12  Probe  
  37  3:16  Probe  
  38  3:26  Probe  
  39  3:29  Probe  
  38  3:38  Probe  
  38  3:41  Oracle (Chrono Boost), Probe  
  43  3:50  Probe  
  43  3:53  Probe  
  45  4:02  Probe  
  46  4:05  Pylon  
  46  4:07  Pylon  
  46  4:16  Assimilator x2  
  46  4:17  Pylon  
  46  4:23  Probe x2  
  42  4:32  Oracle (Chrono Boost)  
  42  4:35  Probe x2  
  42  4:36  Fleet Beacon  
  47  4:47  Probe x2  
  47  4:49  Adept  
  47  4:50  Shield Battery  
  51  4:57  Pylon  
  51  4:59  Probe x2  
  53  5:11  Probe x2  
  52  5:17  Stalker  
  52  5:18  Carrier (Chrono Boost)  
  54  5:23  Probe x2  
  62  5:29  Stargate  
  63  5:35  Forge, Probe  
  63  5:37  Shield Battery  
  63  5:44  Adept  
  63  5:46  Protoss Air Weapons Level 1  
  63  5:47  Pylon  
  65  5:52  Probe  
  65  5:54  Probe  
  67  6:04  Carrier (Chrono Boost)  
  67  6:05  Probe  
  68  6:18  Nexus  
  74  6:29  Pylon  
  74  6:32  Carrier (Chrono Boost)  
  74  6:36  Pylon  
  74  6:38  Probe x2  
  76  6:50  Probe  
  76  6:52  Probe  
  78  6:56  Carrier (Chrono Boost)  
  78  7:00  Shield Battery  
  84  7:04  Probe  
  84  7:07  Shield Battery  
  85  7:21  Sentry  
  87  7:24  Probe x2  
  95  7:34  Shield Battery, Carrier (Chrono Boost)  
  95  7:36  Probe x2  
  98  7:50  Sentry  
  98  7:53  Protoss Air Weapons Level 2 (Chrono Boost)  
  98  7:54  Photon Cannon  
  98  7:55  Shield Battery  
  98  7:59  Probe  
  99  8:06  Carrier (Chrono Boost)  
  99  8:07  Photon Cannon  
  99  8:11  Probe  
  105  8:15  Pylon  
  105  8:20  Photon Cannon  
  105  8:23  Probe  
  105  8:25  Zealot  
  106  8:35  Probe  
  106  8:37  Carrier  
  106  8:47  Probe  
  100  9:07  Pylon  
  100  9:08  Pylon  
  100  9:11  Nexus  
  100  9:12  Pylon  
  100  9:21  Nexus, Pylon  
  100  9:25  Photon Cannon  
  100  9:26  Carrier (Chrono Boost)  
  100  9:29  Stargate  
  106  9:41  Carrier (Chrono Boost)  
  112  9:58  Shield Battery  
  112  10:00  Shield Battery  
  118  10:22  Photon Cannon, Carrier (Chrono Boost)  
  118  10:27  Assimilator  
  118  10:28  Assimilator  
Show
View Real Time Build Order
Export as new Build Order

Epic Terran 

Build Orders:  

Get SALT Encoding   

  12  0:00  SCV  
  13  0:12  SCV  
  14  0:17  Supply Depot  
  14  0:24  SCV  
  15  0:39  SCV  
  15  0:40  Barracks  
  16  0:44  Refinery  
  16  0:51  SCV  
  17  1:00  Barracks  
  17  1:03  SCV  
  18  1:15  SCV  
  19  1:26  Reaper  
  19  1:27  Orbital Command  
  20  1:40  Supply Depot  
  20  1:47  Reaper  
  20  1:53  SCV  
  22  2:02  Reaper  
  22  2:05  SCV  
  24  2:11  Command Center  
  24  2:17  SCV  
  25  2:23  Barracks  
  25  2:29  SCV  
  26  2:31  Barracks Tech Lab  
  26  2:34  Supply Depot  
  26  2:36  Barracks Reactor  
  26  2:41  SCV  
  27  2:45  Refinery  
  27  2:49  Marine  
  28  2:53  SCV  
  29  3:06  SCV  
  29  3:09  Stimpack  
  30  3:14  Barracks Tech Lab, Marine x3  
  33  3:22  SCV  
  31  3:34  Combat Shield  
  31  3:35  Marine x4  
  31  3:37  SCV  
  35  3:46  Supply Depot  
  35  3:54  Marauder x2  
  39  4:07  SCV, Marine x2  
  42  4:11  Orbital Command  
  42  4:17  Marine x2  
  42  4:19  SCV  
  44  4:25  Marine  
  40  4:32  SCV  
  40  4:37  SCV  
  42  4:39  Marine x3  
  42  4:43  Marine  
  42  4:44  SCV  
  47  4:48  Factory  
  47  4:49  SCV  
  48  4:57  Marine x3  
  48  4:58  SCV  
  52  5:01  SCV, Marine  
  52  5:02  Supply Depot  
  53  5:10  SCV  
  53  5:13  SCV  
  53  5:19  Marine x2, Marauder x2  
  58  5:23  SCV  
  58  5:25  SCV  
  58  5:26  Supply Depot  
  60  5:32  Starport  
  60  5:34  Factory Reactor  
  60  5:35  SCV  
  60  5:37  SCV  
  60  5:42  Engineering Bay  
  62  5:47  SCV  
  62  5:49  SCV  
  64  5:50  Supply Depot, Marine x2  
  64  5:56  Marauder  
  67  5:58  Marauder  
  67  6:01  SCV  
  64  6:15  Terran Infantry Weapons Level 1, SCV x2  
  64  6:17  Medivac, Refinery  
  68  6:20  Medivac  
  70  6:26  Marauder x2  
  70  6:27  SCV  
  70  6:29  SCV  
  76  6:33  Marine x2  
  76  6:38  Concussive Shells  
  76  6:39  Widow Mine  
  80  6:40  Supply Depot  
  80  6:42  SCV x2  
  82  6:49  Marauder x2  
  82  6:52  Marine  
  86  6:57  Supply Depot  
  86  7:01  SCV x2, Marine  
  86  7:02  Factory Reactor  
  89  7:10  Marine, Marauder x2  
  89  7:14  Supply Depot  
  94  7:19  Missile Turret, SCV x2, Marine  
  94  7:20  Supply Depot  
  94  7:21  Medivac  
  99  7:23  Medivac  
  99  7:27  Supply Depot  
  101  7:31  SCV  
  101  7:35  SCV, Marine  
  101  7:36  Marine  
  109  7:41  Supply Depot  
  109  7:51  Marine x2  
  106  7:56  Medivac x2  
  111  7:59  Marine x2  
  111  8:03  Command Center  
  113  8:07  Barracks  
  113  8:10  Barracks, SCV x2  
  115  8:12  Terran Infantry Armor Level 1  
  115  8:23  Marine  
  115  8:24  Marine x4  
  120  8:28  Supply Depot  
  117  8:34  SCV x2  
  117  8:38  Medivac x2  
  123  8:44  Refinery  
  123  8:45  Supply Depot  
  114  8:51  Marine x5  
  112  8:57  Supply Depot  
  112  8:59  Barracks Reactor x2  
  112  9:01  SCV x2  
  114  9:09  Medivac x2  
  118  9:14  SCV x2  
  118  9:15  Orbital Command  
  120  9:17  Marine x2  
  120  9:18  Marine x3  
  120  9:23  Supply Depot  
  125  9:28  Fusion Core, SCV  
  125  9:29  SCV  
  124  9:41  Marine x9  
  124  9:45  Medivac x2  
  129  9:48  SCV x3  
  132  9:57  Missile Turret  
  132  9:59  Marine  
  133  10:03  Marine x7  
  133  10:04  Marine  
  127  10:19  Marine  
  127  10:21  Marine x8  
  128  10:24  SCV  
  128  10:25  SCV x2  
  128  10:28  Medivac x2  
  143  10:29  Supply Depot  
  142  10:37  SCV, Marine  
  142  10:39  Marine x2  
  142  10:40  Supply Depot  
  142  10:41  Starport  
  142  10:42  Armory, Starport  
  146  10:48  Armory, SCV x2  
  146  10:49  SCV  
  149  11:00  Marine  
  149  11:01  Marine x7  
  149  11:02  Marine  
  149  11:03  Command Center  
  113  11:18  Marine x2  
  106  11:30  Starport  
  106  11:31  Starport  
Tags
 
Add a new tag
Caveats
  • Supply blocks, unpowered buildings, or Contaminate may cause inaccurate times.
  • Supply counts are checked every 10 seconds.